Map: Ciężka Artyleria ER

Players

brullikk

  • Race: Protoss Protoss
  • Spawn Location: 3:00

SnuFFs

  • Race: Zerg Zerg
  • Spawn Location: 1:00

StarRokot - Winner!

  • Race: Protoss Protoss
  • Spawn Location: 7:00

Legol - Winner!

  • Race: Protoss Protoss
  • League: Platinum
  • Spawn Location: 7:00

VOD

Have the link to the VOD?

Description

Time

  • Played on: Jan. 10, 2020, 4:05 p.m.
  • Length: 17:24
Show
View Real Time Build Order
Export as new Build Order

brullikk Protoss 

Build Orders: Carriers 

Get SALT Encoding   

  12  0:01  Probe (Chrono Boost)  
  13  0:10  Probe (Chrono Boost)  
  14  0:15  Probe (Chrono Boost)  
  15  0:31  Pylon  
  15  0:33  Assimilator  
  15  0:49  Probe  
  16  0:52  Gateway  
  16  0:57  Forge  
  16  1:13  Assimilator  
  16  1:15  Probe (Chrono Boost)  
  16  1:17  Pylon  
  17  1:25  Probe (Chrono Boost)  
  18  1:34  Photon Cannon  
  18  1:45  Cybernetics Core  
  18  1:50  Pylon  
  18  2:05  Photon Cannon  
  18  2:10  Probe (Chrono Boost)  
  19  2:19  Probe (Chrono Boost)  
  20  2:24  Probe (Chrono Boost)  
  21  2:30  Stalker  
  21  2:36  Probe  
  24  2:48  Probe  
  25  3:00  Probe  
  26  3:09  Nexus  
  26  3:12  Probe  
  27  3:20  Stargate  
  27  3:24  Probe  
  28  3:36  Probe (Chrono Boost), Photon Cannon  
  28  3:39  Protoss Air Weapons Level 1  
  30  3:48  Probe (Chrono Boost)  
  30  3:52  Pylon  
  30  3:56  Probe (Chrono Boost)  
  30  3:58  Stalker  
  33  4:03  Probe  
  34  4:13  Void Ray  
  38  4:26  Probe (Chrono Boost)  
  39  4:33  Assimilator  
  39  4:36  Assimilator  
  39  4:37  Probe (Chrono Boost)  
  40  4:39  Pylon  
  40  4:42  Probe (Chrono Boost)  
  42  4:47  Probe (Chrono Boost)  
  43  4:53  Probe (Chrono Boost)  
  43  4:56  Probe (Chrono Boost)  
  43  4:57  Probe (Chrono Boost)  
  43  4:59  Void Ray  
  49  5:06  Probe  
  50  5:08  Probe  
  51  5:16  Fleet Beacon  
  51  5:19  Pylon  
  51  5:20  Probe (Chrono Boost)  
  53  5:21  Probe (Chrono Boost)  
  53  5:32  Probe (Chrono Boost)  
  53  5:35  Probe (Chrono Boost)  
  55  5:37  Probe (Chrono Boost)  
  56  5:47  Probe  
  56  5:48  Void Ray  
  61  5:50  Protoss Shields Level 1  
  61  6:02  Unknown  
  61  6:08  Nexus  
  61  6:11  Assimilator  
  61  6:15  Assimilator  
  61  6:17  Probe  
  61  6:18  Pylon  
  62  6:26  Protoss Air Weapons Level 2  
  62  6:31  Void Ray  
  66  6:58  Photon Cannon  
  66  6:59  Photon Cannon  
  66  7:01  Pylon, Photon Cannon  
  66  7:15  Stargate x2  
  66  7:19  Stargate  
  66  7:22  Void Ray, Stargate  
  66  7:28  Cybernetics Core  
  70  7:37  Probe (Chrono Boost)  
  73  7:46  Probe (Chrono Boost)  
  73  7:47  Probe x2 (Chrono Boost)  
  74  7:51  Probe (Chrono Boost)  
  74  7:54  Probe x2  
  77  8:03  Probe  
  77  8:05  Void Ray  
  78  8:06  Stargate x2  
  82  8:15  Probe  
  82  8:19  Protoss Air Armor Level 1 (Chrono Boost)  
  83  8:23  Stargate  
  83  8:26  Pylon  
  83  8:30  Void Ray x2  
  91  8:39  Void Ray  
  95  8:43  Twilight Council  
  95  8:48  Probe (Chrono Boost)  
  96  8:59  Void Ray  
  96  9:00  Probe (Chrono Boost)  
  101  9:04  Probe (Chrono Boost)  
  102  9:18  Protoss Shields Level 2 (Chrono Boost)  
  102  9:26  Protoss Air Weapons Level 3 (Chrono Boost)  
  102  9:31  Void Ray  
  106  9:49  Nexus  
  106  9:53  Assimilator  
  106  9:57  Assimilator  
  106  10:00  Pylon  
  106  10:10  Void Ray x2  
  114  10:17  Protoss Air Armor Level 2, Pylon  
  114  10:18  Void Ray  
  114  10:19  Pylon  
  114  10:20  Pylon  
  118  10:32  Robotics Facility  
  118  11:03  Photon Cannon  
  118  11:04  Photon Cannon  
  118  11:06  Probe, Photon Cannon  
  118  11:07  Photon Cannon  
  118  11:08  Photon Cannon  
  118  11:09  Pylon, Void Ray  
  118  11:10  Void Ray x4  
  139  11:18  Probe  
  139  11:20  Observer  
  141  11:30  Probe  
  142  11:41  Observer  
  143  11:52  Stargate  
  143  11:58  Pylon x2  
  143  12:02  Carrier x3  
  161  12:11  Protoss Shields Level 3 (Chrono Boost)  
  161  12:23  Carrier  
  167  13:11  Void Ray x4  
  167  13:12  Void Ray  
  187  13:18  Nexus  
  187  13:20  Assimilator  
  187  13:24  Assimilator  
  185  13:27  Void Ray  
  185  13:28  Pylon  
  179  13:38  Probe  
  179  13:51  Probe  
  180  14:01  Carrier x2  
  192  14:03  Probe  
  192  14:09  Probe  
  194  14:15  Probe  
  195  14:21  Probe  
  196  14:25  Void Ray  
  196  14:29  Void Ray  
  200  14:47  Carrier (Chrono Boost)  
  192  14:58  Carrier (Chrono Boost)  
  111  15:19  Void Ray x5 (Chrono Boost)  
  130  15:29  Void Ray (Chrono Boost)  
  122  15:42  Void Ray (Chrono Boost)  
  108  15:51  Probe  
  108  15:55  Void Ray  
  107  15:57  Probe  
  107  16:03  Probe  
  109  16:09  Probe  
  110  16:14  Tempest (Chrono Boost)  
  110  16:15  Tempest (Chrono Boost)  
  130  16:21  Probe  
  103  16:33  Probe  
  104  16:45  Probe  
  80  16:50  Void Ray x2 (Chrono Boost)  
Show
View Real Time Build Order
Export as new Build Order

SnuFFs Zerg 

Build Orders: Hatch First 

Get SALT Encoding   

  12  0:01  Drone  
  13  0:13  Overlord  
  13  0:16  Drone  
  14  0:31  Drone x2  
  16  0:51  Drone x2  
  18  1:07  Hatchery  
  18  1:11  Extractor  
  16  1:17  Drone  
  17  1:18  Spawning Pool  
  17  1:23  Overlord  
  16  1:36  Drone x2  
  18  1:46  Drone  
  19  1:58  Drone  
  19  1:59  Extractor  
  19  2:09  Queen  
  19  2:14  Metabolic Boost  
  21  2:19  Queen  
  21  2:20  Drone  
  24  2:25  Zergling x4  
  24  2:26  Zergling x2  
  27  2:34  Drone  
  27  2:37  Zergling x2  
  29  2:55  Drone x2  
  31  2:59  Drone  
  31  3:00  Drone  
  33  3:10  Drone  
  34  3:13  Drone  
  35  3:22  Lair, Evolution Chamber x2  
  35  3:24  Overlord  
  35  3:25  Zergling x2  
  35  3:26  Zergling x4  
  36  3:43  Drone  
  36  3:46  Drone  
  36  3:47  Overlord, Drone x3  
  41  3:57  Zerg Melee Weapons Level 1  
  41  3:58  Zerg Ground Armor Level 1  
  41  4:00  Zergling x2  
  41  4:02  Zergling x2  
  43  4:07  Overlord  
  43  4:12  Drone x2  
  43  4:13  Drone  
  43  4:16  Drone  
  47  4:27  Drone  
  47  4:30  Zergling x10  
  54  4:31  Zergling x2  
  54  4:48  Drone x2  
  54  4:49  Hatchery, Drone  
  54  4:50  Drone  
  57  4:53  Extractor  
  57  4:54  Extractor  
  57  4:56  Drone x2  
  57  5:27  Overlord  
  57  5:29  Overlord  
  57  5:34  Drone  
  57  5:35  Drone x2  
  60  5:53  Spore Crawler x2  
  60  5:55  Spore Crawler  
  60  5:56  Drone x3  
  60  5:59  Spore Crawler  
  60  6:01  Zerg Ground Armor Level 2, Zerg Melee Weapons Level 2, Spore Crawler  
  60  6:02  Spore Crawler  
  57  6:06  Drone x3  
  57  6:07  Infestation Pit, Drone  
  57  6:08  Zergling x2  
  57  6:09  Zergling x4  
  57  6:10  Zergling x6  
  66  6:15  Queen  
  66  6:16  Drone  
  66  6:18  Drone  
  68  6:41  Drone x2  
  70  6:48  Zergling x4  
  70  6:49  Zergling x6  
  70  6:52  Hive  
  75  6:57  Drone x2  
  75  7:01  Overlord x4  
  77  7:02  Zergling x8  
  81  7:11  Overlord x2  
  81  7:30  Zergling x2  
  81  7:31  Zergling x24  
  94  7:40  Drone  
  94  7:41  Drone  
  94  7:44  Drone x4  
  100  8:03  Adrenal Glands  
  100  8:09  Ultralisk Cavern  
  99  8:18  Drone x3  
  102  8:21  Zergling x2  
  103  8:31  Drone  
  103  8:32  Extractor, Drone x2  
  105  8:34  Drone  
  105  8:38  Extractor  
  105  8:45  Overlord x3  
  105  8:46  Overlord  
  105  8:49  Zerg Melee Weapons Level 3  
  105  8:50  Zerg Ground Armor Level 3  
  105  8:59  Drone  
  105  9:00  Drone x2  
  108  9:12  Ultralisk x2  
  108  9:13  Ultralisk x2  
  132  9:32  Ultralisk  
  132  9:34  Ultralisk  
  144  9:41  Hatchery  
  143  10:06  Ultralisk  
  155  10:07  Ultralisk  
  155  10:14  Ultralisk  
  156  10:53  Ultralisk  
  156  10:54  Zergling x10  
  156  10:55  Overlord x3  
  156  10:56  Overlord x2  
  167  11:15  Queen  
  170  11:47  Drone x8  
  170  11:48  Drone x4  
  170  11:50  Ultralisk x3  
  199  12:11  Extractor  
  199  12:13  Extractor  
  147  13:23  Ultralisk  
  147  13:24  Ultralisk x2  
  147  13:25  Ultralisk x2, Zergling x4  
  147  13:26  Zergling x52  
  147  13:27  Zergling x4  
  175  13:55  Zerg Missile Weapons Level 1  
  127  13:58  Drone  
  127  13:59  Hydralisk Den, Drone x2  
  118  14:06  Zergling x12  
  124  14:15  Queen, Drone  
  127  14:29  Hatchery  
  127  14:31  Grooved Spines  
  126  14:37  Anabolic Synthesis  
  126  14:41  Drone x2  
  97  15:10  Overlord  
  92  15:19  Hydralisk, Chitinous Plating  
  92  15:20  Hydralisk x17  
  98  15:34  Hydralisk x5  
  108  15:42  Muscular Augments  
  105  16:30  Hydralisk x12  
  105  16:31  Hydralisk x6  
Show
View Real Time Build Order
Export as new Build Order

StarRokot Protoss - Winner!

Build Orders: Carriers 

Get SALT Encoding   

  12  0:02  Probe (Chrono Boost)  
  14  0:15  Probe (Chrono Boost)  
  14  0:18  Pylon  
  14  0:19  Probe (Chrono Boost)  
  15  0:29  Assimilator  
  15  0:36  Probe  
  16  0:45  Gateway  
  16  0:48  Probe  
  17  0:57  Assimilator  
  17  1:00  Probe  
  18  1:12  Probe  
  19  1:26  Probe (Chrono Boost)  
  20  1:35  Probe (Chrono Boost)  
  21  1:46  Nexus  
  21  1:55  Probe  
  22  2:05  Cybernetics Core  
  22  2:07  Probe (Chrono Boost)  
  23  2:13  Pylon  
  23  2:31  Probe  
  23  2:32  Forge  
  24  2:43  Warp Gate, Probe  
  24  2:44  Sentry  
  27  2:50  Shield Battery  
  27  2:55  Probe  
  27  2:58  Probe  
  29  3:05  Photon Cannon  
  29  3:07  Probe  
  29  3:10  Probe  
  31  3:16  Sentry  
  31  3:17  Pylon  
  33  3:23  Gateway  
  33  3:27  Probe (Chrono Boost)  
  34  3:28  Probe (Chrono Boost)  
  35  3:37  Probe (Chrono Boost)  
  35  3:39  Probe (Chrono Boost)  
  37  3:43  Probe (Chrono Boost)  
  37  3:47  Probe (Chrono Boost)  
  39  3:50  Photon Cannon  
  39  3:54  Sentry  
  42  3:59  Probe (Chrono Boost)  
  42  4:00  Probe (Chrono Boost), Twilight Council  
  43  4:04  Probe (Chrono Boost)  
  43  4:06  Probe  
  43  4:08  Stargate  
  45  4:14  Assimilator, Probe  
  46  4:18  Probe  
  46  4:19  Assimilator  
  47  4:26  Probe  
  47  4:30  Probe (Chrono Boost)  
  49  4:36  Pylon  
  50  4:39  Probe (Chrono Boost)  
  50  4:42  Probe (Chrono Boost), Charge  
  51  4:48  Probe (Chrono Boost)  
  51  4:49  Probe (Chrono Boost)  
  53  4:53  Probe  
  53  4:57  Probe  
  55  5:05  Probe  
  58  5:18  Probe x2  
  58  5:20  Void Ray  
  62  5:33  Protoss Ground Weapons Level 1 (Chrono Boost)  
  62  5:39  Pylon  
  62  5:42  Pylon  
  62  5:46  Pylon  
  64  5:57  Probe x2  
  64  6:02  Zealot x2  
  68  6:09  Probe  
  69  6:14  Forge  
  69  6:19  Fleet Beacon  
  69  6:23  Nexus, Stargate  
  69  6:27  Stargate  
  69  6:31  Stargate  
  69  6:43  Protoss Ground Armor Level 1 (Chrono Boost)  
  69  6:56  Pylon x2  
  69  6:58  Pylon  
  69  7:09  Protoss Air Weapons Level 1 (Chrono Boost)  
  69  7:10  Gateway x2  
  69  7:14  Tempest x2, Gateway  
  69  7:15  Tempest  
  84  7:16  Tempest, Gateway  
  84  7:20  Zealot  
  84  7:21  Zealot  
  93  7:32  Protoss Ground Weapons Level 2 (Chrono Boost)  
  93  7:34  Pylon  
  93  7:35  Pylon  
  93  7:44  Robotics Facility  
  93  7:48  Zealot x2  
  97  7:54  Probe x2  
  97  7:55  Probe  
  97  7:57  Assimilator  
  100  8:02  Tempest x2  
  110  8:06  Probe x2  
  110  8:07  Probe  
  113  8:17  Assimilator  
  113  8:18  Probe, Zealot x4  
  113  8:19  Probe, Zealot x2  
  127  8:26  Pylon  
  127  8:31  Observer  
  128  8:36  Tempest  
  128  8:37  Tempest  
  128  8:40  Probe x3  
  141  8:52  Probe  
  141  8:53  Observer  
  143  8:58  Nexus  
  143  9:03  Photon Cannon  
  143  9:08  Protoss Ground Armor Level 2 (Chrono Boost)  
  143  9:25  Templar Archives  
  143  9:38  Pylon  
  143  9:41  Pylon, Mothership (Chrono Boost)  
  143  9:42  Probe x2 (Chrono Boost)  
  145  9:46  Pylon  
  145  9:49  Pylon  
  145  9:54  Probe (Chrono Boost)  
  145  9:55  Probe (Chrono Boost)  
  156  10:08  Protoss Ground Weapons Level 3 (Chrono Boost)  
  156  10:10  Probe (Chrono Boost)  
  156  10:11  Protoss Air Weapons Level 2 (Chrono Boost)  
  156  10:12  Cybernetics Core  
  157  10:21  Observer  
  157  10:27  Probe, Pylon  
  158  10:29  Probe x2  
  160  10:37  Assimilator  
  160  10:39  Probe  
  160  10:41  Assimilator, Probe  
  162  10:46  Carrier (Chrono Boost)  
  180  10:53  Carrier (Chrono Boost)  
  180  10:58  Carrier (Chrono Boost)  
  180  11:20  Psionic Storm  
  180  11:22  Protoss Air Armor Level 1 (Chrono Boost)  
  180  11:24  High Templar x2  
  184  11:44  Carrier (Chrono Boost)  
  190  11:52  Photon Cannon  
  190  11:53  Photon Cannon  
  190  11:54  Photon Cannon  
  190  11:55  Photon Cannon x2  
  190  11:58  Photon Cannon  
  190  12:00  Photon Cannon  
  190  12:03  Photon Cannon  
  190  12:06  Carrier (Chrono Boost)  
  190  12:08  Pylon  
  190  12:09  Pylon  
  190  12:10  Pylon  
  196  12:27  Protoss Ground Armor Level 3 (Chrono Boost)  
  196  12:44  High Templar x2  
  178  13:35  Zealot  
  178  13:36  Zealot x5  
  176  13:59  Carrier (Chrono Boost)  
  176  14:07  Protoss Shields Level 1 (Chrono Boost), Carrier x2 (Chrono Boost)  
  176  14:08  Carrier (Chrono Boost)  
  200  14:17  Protoss Air Armor Level 2  
  200  14:29  Protoss Air Weapons Level 3  
  181  15:55  Carrier x2  
  181  15:56  Carrier  
Show
View Real Time Build Order
Export as new Build Order

Legol Protoss - Winner!

Build Orders: Zealot Archon 

Get SALT Encoding   

  12  0:01  Probe  
  13  0:13  Probe  
  14  0:17  Pylon  
  14  0:25  Probe  
  15  0:37  Probe (Chrono Boost)  
  15  0:38  Gateway  
  16  0:48  Assimilator  
  16  0:49  Probe (Chrono Boost)  
  17  0:54  Probe (Chrono Boost)  
  18  1:05  Probe  
  19  1:17  Probe  
  20  1:25  Cybernetics Core  
  20  1:27  Pylon  
  20  1:29  Probe  
  21  1:41  Probe  
  22  1:56  Probe, Nexus  
  23  2:02  Sentry  
  23  2:07  Warp Gate  
  25  2:11  Assimilator, Probe (Chrono Boost)  
  26  2:20  Probe (Chrono Boost)  
  27  2:25  Probe (Chrono Boost)  
  28  2:31  Stalker  
  30  2:38  Probe  
  31  2:46  Gateway  
  31  2:47  Pylon  
  31  3:05  Probe  
  32  3:08  Probe  
  33  3:14  Stalker  
  33  3:16  Pylon  
  33  3:17  Probe  
  33  3:19  Pylon  
  36  3:20  Probe  
  37  3:29  Probe (Chrono Boost), Twilight Council  
  37  3:33  Stalker  
  42  3:41  Probe (Chrono Boost)  
  42  3:45  Probe (Chrono Boost)  
  42  3:50  Forge  
  42  3:52  Probe (Chrono Boost)  
  42  3:54  Probe  
  44  3:56  Gateway  
  44  4:05  Stalker  
  44  4:07  Probe (Chrono Boost)  
  48  4:10  Blink (Chrono Boost)  
  48  4:11  Probe (Chrono Boost)  
  49  4:18  Probe (Chrono Boost)  
  49  4:20  Probe (Chrono Boost)  
  49  4:21  Assimilator  
  49  4:22  Protoss Ground Weapons Level 1 (Chrono Boost)  
  50  4:26  Probe (Chrono Boost)  
  51  4:32  Photon Cannon  
  51  4:37  Photon Cannon  
  51  4:40  Probe  
  51  4:41  Probe  
  53  4:47  Stalker x2  
  53  4:50  Stalker  
  59  4:59  Probe x2  
  61  5:01  Assimilator  
  61  5:14  Stalker x2  
  61  5:15  Stalker  
  67  5:35  Photon Cannon  
  67  5:38  Stalker  
  67  5:39  Photon Cannon  
  69  5:53  Gateway  
  69  5:55  Gateway  
  69  5:58  Gateway  
  69  6:00  Nexus  
  69  6:11  Probe  
  70  6:20  Pylon  
  70  6:22  Pylon  
  70  6:25  Pylon  
  70  6:26  Pylon  
  70  6:38  Probe x2  
  66  6:43  Stalker x3  
  72  6:50  Probe  
  72  6:52  Templar Archives  
  72  6:53  Forge  
  73  6:56  Probe  
  74  7:02  Probe  
  74  7:07  Assimilator  
  74  7:08  Probe  
  76  7:11  Assimilator  
  76  7:12  Stalker x2  
  76  7:13  Stalker x3  
  86  7:17  Protoss Ground Weapons Level 2 (Chrono Boost)  
  86  7:20  Probe  
  86  7:21  Probe x2, Pylon  
  89  7:31  Protoss Ground Armor Level 1 (Chrono Boost)  
  89  7:33  Probe x3  
  92  7:39  High Templar x4  
  92  7:43  Archon x2  
  100  7:46  Probe x3, Psionic Storm  
  103  7:58  Probe x3, Photon Cannon  
  105  8:02  Photon Cannon  
  105  8:03  High Templar x2  
  110  8:08  Archon  
  110  8:10  Probe  
  111  8:33  High Templar  
  111  8:34  Nexus, High Templar x2  
  117  8:37  Assimilator  
  117  8:41  Assimilator  
  117  8:43  Pylon  
  117  8:46  Pylon  
  117  8:47  Gateway  
  117  8:50  Pylon, Gateway  
  117  8:55  Pylon  
  117  8:58  Pylon, Stalker x2  
  117  8:59  Stalker  
  123  9:04  Pylon  
  123  9:28  High Templar x5  
  133  9:32  Archon x2  
  133  9:36  Protoss Ground Weapons Level 3 (Chrono Boost)  
  133  9:49  Robotics Facility  
  133  10:00  Zealot x3  
  133  10:01  Zealot x5  
  149  10:12  Protoss Ground Armor Level 2 (Chrono Boost)  
  149  10:15  Gateway  
  149  10:18  Gateway  
  149  10:21  Gateway  
  149  10:22  Gateway  
  149  10:23  Gateway  
  149  10:25  Gateway  
  149  10:32  Pylon  
  149  10:34  Pylon  
  149  10:45  Immortal (Chrono Boost)  
  137  10:55  High Templar  
  137  10:56  High Templar x6  
  151  11:03  Archon x2  
  151  11:07  Archon x2  
  151  11:14  Warp Prism (Chrono Boost)  
  153  11:44  Nexus  
  153  11:47  Assimilator  
  153  11:49  High Templar x3  
  153  11:50  High Templar x3  
  153  11:51  Assimilator, High Templar x2  
  153  11:53  Archon  
  169  11:55  Archon x4  
  169  12:25  Zealot x5  
  169  12:26  Zealot x5  
  169  12:27  Zealot x3  
  178  13:02  Zealot  
  178  13:03  Zealot x5  
  180  13:16  Zealot x5  
  180  13:17  Zealot x3  
  177  14:02  Protoss Shields Level 1 (Chrono Boost)  
  175  14:07  High Templar  
  175  14:08  High Templar x4  
  175  14:09  High Templar x2  
  188  14:10  High Templar x5  
  188  14:12  Archon x2  
  188  14:13  Archon x2  
  188  14:14  Archon x2  
  75  15:23  High Templar  
  75  15:24  High Templar x6  
  75  15:25  High Templar x5  
  75  15:28  Archon x3  
  99  15:29  Archon x3  
  99  15:49  Nexus  
  99  15:53  Assimilator  
  99  15:54  Warp Prism (Chrono Boost)  
  99  15:58  Assimilator  
  99  16:00  Pylon  
  99  16:04  Pylon  
  101  16:09  High Templar x6  
  113  16:13  Archon x2  
  113  16:14  Archon  
  113  16:23  Warp Prism  
  115  16:54  Zealot x6  
  117  16:55  Zealot x5  
  117  16:56  Zealot  
  139  17:19  Zealot x2  
  139  17:20  Zealot x6  
  139  17:21  Zealot x4  
Tags
 
Add a new tag
Caveats
  • Supply blocks, unpowered buildings, or Contaminate may cause inaccurate times.
  • Supply counts are checked every 10 seconds.